Cogmind - Beta 15 @@@ ROGUE MODE // 2025.08.28 @ 14:51:30 Player: shapeshifter Result: Destroyed by S-27 Virus with Autogun Performance ------------- Evolutions (6) 3000 Regions Visited (21) 4200 Robots Destroyed (245) 1225 Value Destroyed (11450) 11450 Prototype IDs (27) 540 Alien Tech Used (2) 400 Bonus (5215) 5215 TOTAL SCORE: 26030 Bonus ------- High Alert Combat Kills 1558 Follower Combat Kills 1219 Entered Garrisons 400 Entered DSFs 500 Acquired ECA 300 Met Zhirov 300 Built Enhanced Grunts 300 A7 Reached Mainframe 300 Met R17 at Cetus 500 Friendly Fire -162 Cogmind --------- Core Integrity 0/1150 Matter 273/300 Energy 540/600 System Corruption 6% Temperature Cool (57) Movement Core (150) Ox2 Location -4/Factory Parts ------- > --- POWER (2) -------- (None) > --- PROPULSION (6) --- (None) > --- UTILITY (7) ------ Advanced Energy Well Improved Hacking Suite > --- WEAPON (4) ------- Advanced Variable Charge Gun > --- INVENTORY (5) ---- Huge Storage Unit Encrypted Comm Array Remote Datajack Plasma Cutter Peak State ------------ > --- POWER ------------ Heavy Antimatter Reactor Quantum Reactor > --- PROPULSION ------- Centrium Heavy Treads Centrium Wheel > --- UTILITY ---------- Huge Storage Unit Compact Matter Pod Advanced Signal Interpreter Particle Accelerator Focal Shield Remote Shield Improved Hacking Suite > --- WEAPON ----------- Advanced Variable Charge Gun Advanced Variable Charge Gun KE Penetrator Mass Driver > --- INVENTORY -------- Huge Storage Unit Advanced Energy Well Compact Matter Pod Compact Matter Pod Improved Signal Interpreter Encrypted Comm Array Experimental Power Shielding Experimental Hacking Suite Transdimensional Reconstructor Advanced Variable Charge Gun Advanced Variable Charge Gun Neutron Cannon Remote Datajack Plasma Cutter [Rating: 110] Favorites ----------- Power Deuterium Engine Engine Deuterium Engine Reactor Antimatter Reactor Propulsion Light Treads Treads Light Treads Leg Improved Titanium Leg Wheel Centrium Wheel Hover Unit Gyrokinetic Inverter Utility Huge Storage Unit Device Improved Sensor Array Storage Huge Storage Unit Processor Improved Signal Interpreter Hackware System Shield Protection Hardened Light Armor Plating Weapon Heavy Machine Gun Energy Gun Advanced Variable Charge Gun Energy Cannon Neutron Cannon Ballistic Gun Heavy Machine Gun Ballistic Cannon Assault Cannon Special Weapon Plasma Cutter Impact Weapon Powered Hammer Build | -11 -10 -10 -9 -8 -8 -8 -8 -8 -7 -7 -6 -6 -6 -6 -6 -5 -5 -5 -5 -4 -4 ------- Run | Yrd Mat Min Mat Mat Gar Mat Gar Mat Fac DSF Fac Ext Cet Arc Hub Fac Upp Upp Zhi Pro Fac Slots Evolved 12 | . . . 2 2 . . . . 2 . 2 . . . . 2 . . . . 2 Power 1 | . . . . . . . . . . . . . . . . . . . . . 1 Propulsion 4 | . . . . 1 . . . . 1 . 1 . . . . . . . . . 1 Utility 5 | . . . 1 . . . . . 1 . 1 . . . . 2 . . . . . Weapon 2 | . . . 1 1 . . . . . . . . . . . . . . . . . Parts Attached 164 | 7 . 1 14 9 10 14 18 2 . 15 18 12 14 1 4 4 1 2 4 6 8 Power 13 | 1 . . 2 . . 1 1 . . 1 2 1 2 . . . . . 1 1 . Engine 10 | 1 . . 2 . . 1 1 . . 1 2 1 1 . . . . . . . . Core . | . . . . . . . . . . . . . . . . . . . . . . Reactor 3 | . . . . . . . . . . . . . 1 . . . . . 1 1 . Propulsion 39 | 2 . . 2 5 2 3 5 . . 8 5 3 1 . . 1 . . . . 2 Treads 33 | 2 . . 2 5 2 3 5 . . 4 5 3 1 . . 1 . . . . . Leg 4 | . . . . . . . . . . 4 . . . . . . . . . . . Wheel 1 | . . . . . . . . . . . . . . . . . . . . . 1 Hover 1 | . . . . . . . . . . . . . . . . . . . . . 1 Flight . | . . . . . . . . . . . . . . . . . . . . . . Utility 54 | 2 . . 5 2 1 4 4 2 . 5 5 4 5 1 2 3 . 2 2 . 5 Device 17 | 1 . . 1 . . 2 . . . 2 2 . 2 . 1 . . 1 1 . 4 Storage 9 | 1 . . 2 1 . . . . . . . 1 1 1 . 2 . . . . . Processor 5 | . . . . . . . 2 . . 1 1 . . . . . . 1 . . . Hackware 6 | . . . 1 . . . . 1 . 1 . . . . 1 1 . . . . 1 Protection 17 | . . . 1 1 1 2 2 1 . 1 2 3 2 . . . . . 1 . . Artifact . | . . . . . . . . . . . . . . . . . . . . . . Weapon 58 | 2 . 1 5 2 7 6 8 . . 1 6 4 6 . 2 . 1 . 1 5 1 Energy Gun 6 | 1 . . 1 . . . . . . . . . 1 . . . . . . 3 . Energy Cannon 1 | . . . . . . . . . . . . . 1 . . . . . . . . Ballistic Gun 36 | 1 . 1 4 2 5 1 4 . . 1 5 3 4 . 2 . 1 . . 2 . Ballistic Cannon 11 | . . . . . 1 5 3 . . . 1 . . . . . . . . . 1 Launcher . | . . . . . . . . . . . . . . . . . . . . . . Special Weapon 2 | . . . . . . . . . . . . 1 . . . . . . 1 . . Impact Weapon 2 | . . . . . 1 . 1 . . . . . . . . . . . . . . Slashing Weapon . | . . . . . . . . . . . . . . . . . . . . . . Piercing Weapon . | . . . . . . . . . . . . . . . . . . . . . . Special Melee Weapon . | . . . . . . . . . . . . . . . . . . . . . . Unidentified Prototypes 17 | . . . 1 . 1 . . . . . 1 . 6 . 1 1 . . 4 . 2 Corrupted Parts 8 | . . . . . . . . . . . . 2 1 . . 1 . . . 4 . System Corruption 29 | . . . . . . . . . . . . 5 1 . . 6 . . . 17 . Parts Lost 79 | . . 1 2 3 6 . 17 2 . 5 8 8 . . . 1 . 3 . 6 17 Power 5 | . . . . . . . 1 . . . 1 1 . . . . . . . 1 1 Propulsion 23 | . . . . 2 2 . 5 1 . . 4 3 . . . 1 . 2 . 1 2 Utility 21 | . . 1 . . 1 . 3 . . 3 . 2 . . . . . 1 . 2 8 Weapon 30 | . . . 2 1 3 . 8 1 . 2 3 2 . . . . . . . 2 6 Highest Loss Streak 10 | . . 1 1 3 1 . 5 2 . 4 2 6 . . . 1 . 2 . 3 10 To Critical Strikes 4 | . . . . . . . 2 . . . . . . . . . . 1 . 1 . Average Backups 19 | 3 5 6 9 16 22 24 22 19 21 17 18 23 23 23 24 22 21 21 25 18 12 Power 1 | . 1 1 2 1 1 1 . 1 1 . . 2 1 1 1 1 1 1 1 1 . Propulsion . | 1 2 2 3 1 1 . 1 . . . . . 1 1 1 1 . . . . . Utility 9 | . 1 1 3 6 7 12 14 14 16 13 11 13 10 11 12 10 10 9 9 7 5 Weapon 6 | . 1 1 . 6 13 8 4 2 2 1 3 6 8 8 8 8 8 8 11 5 3 Tool/Special . | . . . . . . . . . . . . . . . . . . . . . . Unused Backups 38 | . . 1 5 4 5 6 . . . 4 . 2 5 1 . . . . 3 . 2 Power 4 | . . 1 . 1 . 1 . . . . . . 1 . . . . . . . . Propulsion 4 | . . . 2 1 . . . . . . . . 1 . . . . . . . . Utility 19 | . . . 2 2 . 2 . . . 4 . . 3 1 . . . . 3 . 2 Weapon 11 | . . . 1 . 5 3 . . . . . 2 . . . . . . . . . Tool/Special . | . . . . . . . . . . . . . . . . . . . . . . Average Slot Usage (%) 92 | . 100 98 98 98 98 100 95 96 69 88 97 93 100 100 99 98 94 85 58 71 63 Engine 6 | . 14 14 11 9 9 9 8 9 7 6 6 5 4 . . . . . . . . Reactor 1 | . . . . . . . . . . . . . 1 6 6 5 5 5 5 5 8 Treads 23 | . 28 28 22 26 26 27 24 25 15 14 32 27 33 33 33 28 23 14 11 6 4 Device 5 | . 14 12 1 . . 8 4 . . . 7 9 1 6 6 5 5 10 11 1 7 Storage 9 | . 14 14 11 9 9 9 9 9 7 7 6 6 6 6 8 11 11 11 11 11 9 Processor 2 | . . . . . . . 3 . . 4 6 6 6 6 6 5 5 5 5 5 4 Hackware 4 | . . . 10 9 9 . . 6 . 3 4 . . . 3 10 11 5 5 5 5 Protection 8 | . . . 9 9 8 9 9 11 15 8 6 8 17 13 6 5 5 5 4 9 3 Ballistic Gun 21 | . 14 26 30 35 34 10 12 16 7 9 17 25 25 26 25 23 23 23 . 22 8 Ballistic Cannon 6 | . . . . . . 25 18 18 15 16 6 . . . . . . . . . 3 Peak Build Rating 110 | 7 7 8 19 25 29 37 35 29 26 49 61 74 97 92 91 103 104 104 81 95 110 Average Rating 48 | 5 7 7 15 22 26 34 31 27 26 41 57 61 86 91 88 97 103 97 75 86 88 On Entrance 50 | . 7 7 7 18 24 27 34 29 26 26 48 61 74 91 89 89 103 104 75 76 86 Naked Turns . | . . . . . . . . . . . . . . . . . . . . . . Heaviest Build 156 | 14 14 14 39 102 104 115 115 117 116 120 122 133 135 133 126 125 125 133 115 136 156 Greatest Support 170 | 40 40 40 40 60 60 60 60 60 40 112 140 148 150 150 150 170 170 140 110 110 80 Greatest Overweight (x) 9 | . . . . 1 2 1 2 2 2 2 1 2 . . . . . 1 1 1 9 Average Overweight (x) . | . . . . . 1 1 1 1 2 . . . . . . . . . . 1 . Largest Inventory Capacity 25 | 8 8 8 15 25 25 25 25 25 25 25 25 25 25 25 25 25 25 25 25 25 25 Average Capacity 22 | 7 8 8 12 18 25 25 25 25 25 22 24 25 25 25 25 25 25 25 25 25 22 Most Carried 25 | 6 5 8 15 25 25 25 25 21 21 21 25 25 25 25 25 25 23 25 25 24 17 Average Carried 19 | 3 5 6 9 17 23 24 22 19 21 16 18 23 24 24 25 22 21 21 24 17 12 Final Capacity 25 | 8 8 8 15 25 25 25 25 25 25 25 25 25 25 25 25 25 25 25 25 25 5 Final Carried 25 | 5 5 8 15 21 23 25 20 21 21 18 25 24 24 25 25 21 22 25 25 17 4 Class Distribution -------------------- 55% | Scavenger-Tank 16% | Tank 11% | Skirmisher 7% | Mutant 3% | Scavenger-Gunner Dominant Class ---------------- Mutant | -10/Materials Mutant | -10/Mines Tank | -9/Materials Scavenger-Tank | -8/Materials Scavenger-Tank | -8/Garrison Tank | -8/Materials Scavenger-Tank | -8/Garrison Scavenger-Tank | -8/Materials Tank | -7/Factory Tank | -7/DSF Skirmisher | -6/Factory Skirmisher | -6/Extension Scavenger-Tank | -6/Cetus Scavenger-Tank | -6/Archives Scavenger-Skirmisher | -6/Hub_04(d) Scavenger-Skirmisher | -5/Factory Scavenger-Tank | -5/Upper Caves Scavenger-Tank | -5/Upper Caves Scavenger-Mutant | -5/Zhirov Scavenger-Tank | -4/Proximity Caves Scavenger-Tank | -4/Factory Resources | -11 -10 -10 -9 -8 -8 -8 -8 -8 -7 -7 -6 -6 -6 -6 -6 -5 -5 -5 -5 -4 -4 ----------- Run | Yrd Mat Min Mat Mat Gar Mat Gar Mat Fac DSF Fac Ext Cet Arc Hub Fac Upp Upp Zhi Pro Fac Matter Collected 10393 | 273 21 68 324 758 922 1188 1607 124 . 762 984 1222 542 181 . . 302 349 . 433 333 Remotely 1138 | . . . . . . . . . . . 273 865 . . . . . . . . . Salvage Created 9075 | 65 34 138 785 1056 1209 761 885 169 . 384 755 833 374 58 . . 164 496 . 421 488 Parts 500 | 8 . 8 52 70 75 47 50 3 . 14 43 36 10 5 . . 8 16 . 29 26 Haulers Intercepted 6 | . . . 3 . . 3 . . . . . . . . . . . . . . . Recyclers Shooed 4 | 1 . . 2 1 . . . . . . . . . . . . . . . . . Parts Field Recycled . | . . . . . . . . . . . . . . . . . . . . . . Retrieved Matter . | . . . . . . . . . . . . . . . . . . . . . . Parts Self-Destructed 53 | . . . . . . . . . . . . . . . . . 8 16 . 29 . Prevented . | . . . . . . . . . . . . . . . . . . . . . . Kills | -11 -10 -10 -9 -8 -8 -8 -8 -8 -7 -7 -6 -6 -6 -6 -6 -5 -5 -5 -5 -4 -4 ------- Run | Yrd Mat Min Mat Mat Gar Mat Gar Mat Fac DSF Fac Ext Cet Arc Hub Fac Upp Upp Zhi Pro Fac Combat Hostiles Destroyed 206 | . 1 5 8 20 31 20 32 4 . 10 19 10 5 . . . 3 8 . 16 14 Guns 144 | . 1 5 8 20 31 4 9 1 . 1 10 10 5 . . . 3 8 . 16 12 Cannons 61 | . . . . . . 16 23 3 . 9 9 . . . . . . . . . 1 AOE 1 | . . . . . . . . . . . . . . . . . . . . . 1 Classes Destroyed 19 | 1 1 1 5 3 4 1 . . . 2 1 . . . . . . . . . . Worker 4 | . . . 2 1 . . . . . . 1 . . . . . . . . . . Builder 2 | . . . . 1 . . . . . . 1 . . . . . . . . . . Tunneler 4 | 3 . . 1 . . . . . . . . . . . . . . . . . . Hauler 6 | . . . 3 . . 3 . . . . . . . . . . . . . . . Recycler 5 | . . . 2 1 . . . . . . . 2 . . . . . . . . . Mechanic 1 | . . . . 1 . . . . . . . . . . . . . . . . . Operator 3 | . . . . . . . . . . . 1 . . 2 . . . . . . . Watcher 12 | . . . 3 3 . 3 . 1 . . . 1 1 . . . . . . . . Swarmer 66 | . . 3 1 6 8 3 11 . . . 7 . . . . . 3 . . 14 10 Cutter 2 | . . . . . 2 . . . . . . . . . . . . . . . . Grunt 77 | . 1 2 3 9 13 10 15 3 . 5 5 5 . . . . . 5 . . 1 Brawler 4 | . . . . 1 . . . 1 . . . . . . . . . 2 . . . Duelist 2 | . . . . . 1 1 . . . . . . . . . . . . . . . Protector 2 | . . . . . . 2 . . . . . . . . . . . . . . . Sentry 23 | . . . 4 4 2 3 3 . . . 3 3 . . . . . . . . 1 Specialist 3 | . . . . . . . . . . 3 . . . . . . . . . . . Hunter 9 | . . . . . 2 1 . . . 1 2 2 . . . . . 1 . . . Programmer 12 | . . . . . 3 . 3 . . . 2 . . . . . . . . 2 2 Heavy 1 | . . . . . . . . . . 1 . . . . . . . . . . . Cetus Guard 5 | . . . . . . . . . . . . . 5 . . . . . . . . Enhanced Grunt 1 | . . . . . . . . . . . . . . . . . 1 . . . . Butcher 1 | . . . . . . . . . . . . . 1 . . . . . . . . Best Kill Streak 10 | 1 1 3 3 6 5 4 7 2 . 5 8 3 4 1 . . 3 4 . 10 5 Combat Bots Only 10 | . 1 3 2 6 5 4 7 2 . 5 7 3 3 . . . 3 4 . 10 5 Max Kills in Single Turn 3 | 1 1 1 2 2 2 2 2 1 . 1 1 1 3 1 . . 2 1 . 1 1 Gunslinging 1 | . . . . 1 1 . . . . . . . 1 . . . . . . . . Exploded 1 | . . . . . . . . . . . . . . . . . . . . . 1 Melee . | . . . . . . . . . . . . . . . . . . . . . . Uniques/NPCs Destroyed . | . . . . . . . . . . . . . . . . . . . . . . Combat | -11 -10 -10 -9 -8 -8 -8 -8 -8 -7 -7 -6 -6 -6 -6 -6 -5 -5 -5 -5 -4 -4 -------- Run | Yrd Mat Min Mat Mat Gar Mat Gar Mat Fac DSF Fac Ext Cet Arc Hub Fac Upp Upp Zhi Pro Fac Hostile Shots Fired 1610 | . 18 33 44 94 118 90 265 44 . 70 201 99 53 8 6 6 11 30 . 133 287 Missed 471 | . 5 8 15 23 37 28 71 12 . 23 48 32 14 1 3 1 3 9 . 35 103 Hits 1139 | . 13 25 29 71 81 62 194 32 . 47 153 67 39 7 3 5 8 21 . 98 184 Melee 6 | . . . . 5 1 . . . . . . . . . . . . . . . . Projectile 1133 | . 13 25 29 66 80 62 194 32 . 47 153 67 39 7 3 5 8 21 . 98 184 AOE 2 | . . . . . 2 . . . . . . . . . . . . . . . . Critical Strikes 43 | . . . 1 3 5 2 8 1 . 1 5 1 1 . . . 1 1 . 6 7 Part Disruptions 3 | . . . . . . . 1 . . . . . . . . . . . . . 2 Damage Taken 18114 | . 156 249 388 1065 1178 883 2407 484 . 1033 2054 1225 1086 178 54 106 121 384 . 1554 3509 Core 2409 | . 37 45 15 105 108 56 207 48 . 119 187 74 75 . . . 15 34 . 185 1099 Absorbed by Shields 406 | . . . . . . . . . . . . 220 81 . . . . . . . 105 Ignored by Resistances 35 | . . . . . . . . . . . . 10 15 . . . . . . . 10 Core Remaining (%) 69 | 100 . 67 96 . . . . 4 . 83 . . . . 60 . . . . 76 . Volleys Fired 619 | 13 14 15 34 62 78 60 87 19 . 26 57 38 17 19 . . 4 15 . 28 33 Largest 4 | 2 2 2 3 4 4 4 4 4 . 4 4 4 4 4 . . 4 4 . 4 4 Hottest 240 | 70 70 40 80 89 91 148 148 120 . 140 132 120 130 125 . . 123 126 . 123 240 Shots Fired 2079 | 26 28 30 98 241 270 227 247 66 . 90 196 130 68 77 . . 16 60 . 105 104 Gun 1602 | 26 28 30 98 241 269 52 112 28 . 36 140 130 68 77 . . 16 60 . 105 86 Cannon 477 | . . . . . 1 175 135 38 . 54 56 . . . . . . . . . 18 Launcher . | . . . . . . . . . . . . . . . . . . . . . . Special . | . . . . . . . . . . . . . . . . . . . . . . Kinetic 2004 | 13 14 30 97 241 270 227 247 66 . 90 196 130 68 77 . . 16 60 . 105 57 Thermal 75 | 13 14 . 1 . . . . . . . . . . . . . . . . . 47 Explosive . | . . . . . . . . . . . . . . . . . . . . . . Electromagnetic . | . . . . . . . . . . . . . . . . . . . . . . Robot Hit Streak 14 | 5 6 9 6 12 12 13 14 5 . 6 10 9 5 7 . . 2 10 . 4 6 Robot Miss Streak 9 | 3 2 4 4 5 5 4 6 5 . 3 6 4 7 3 . . 3 3 . 6 9 Penetration Max 1 | . . . . . . 1 . . . . . . 1 1 . . . 1 . . . Secondary Targets 39 | . . 1 2 6 9 1 . . . . 1 2 4 . . . 1 1 . 9 2 Max Gunslinging Chain 2 | . . 1 1 1 1 1 . . . . 1 1 2 . . . 1 1 . 1 1 Shots Hit Robots 1146 | 15 19 22 57 147 154 113 117 34 . 55 122 72 39 46 . . 6 43 . 42 43 Core Hits 495 | 4 5 9 32 57 73 46 53 15 . 19 56 36 18 14 . . 4 20 . 18 16 Critical Kills 12 | . . . 2 . 2 . 1 . . . 1 . 2 . . . . 4 . . . Critical Parts Destroyed 9 | . . . . 2 1 . . . . . . 1 2 . . . . 3 . . . Critical Strikes 41 | 1 . . 2 2 3 6 6 2 . 4 1 1 5 . . . . 7 . . 1 Burn 1 | 1 . . . . . . . . . . . . . . . . . . . . . Destroy 22 | . . . 2 2 3 . 1 . . . 1 1 5 . . . . 7 . . . Blast 18 | . . . . . . 6 5 2 . 4 . . . . . . . . . . 1 Melee Attacks 13 | . . . . . 9 . 4 . . . . . . . . . . . . . . Impact 13 | . . . . . 9 . 4 . . . . . . . . . . . . . . Slashing . | . . . . . . . . . . . . . . . . . . . . . . Piercing . | . . . . . . . . . . . . . . . . . . . . . . Sneak Attacks . | . . . . . . . . . . . . . . . . . . . . . . Combat Hostiles . | . . . . . . . . . . . . . . . . . . . . . . Follow-up Attacks . | . . . . . . . . . . . . . . . . . . . . . . Damage Inflicted 22665 | 153 197 227 683 1986 2062 2555 2562 620 . 1170 2479 1800 1238 969 . . 134 1120 . 1021 1689 Guns 16088 | 153 197 227 683 1986 1971 503 689 147 . 236 1762 1800 1238 969 . . 134 1120 . 1021 1252 Cannons 6215 | . . . . . . 2050 1873 473 . 934 712 . . . . . . . . . 173 Explosions 262 | . . . . . . . . . . . . . . . . . . . . . 262 Melee 91 | . . . . . 91 . . . . . . . . . . . . . . . . Ramming 9 | . . . . . . 2 . . . . 5 . . . . . . . . . 2 Kinetic 21171 | 64 82 227 683 1986 1971 2553 2562 620 . 1170 2474 1800 1238 969 . . 134 1120 . 1021 497 Thermal 1132 | 89 115 . . . . . . . . . . . . . . . . . . . 928 Explosive 262 | . . . . . . . . . . . . . . . . . . . . . 262 Electromagnetic . | . . . . . . . . . . . . . . . . . . . . . . Impact 91 | . . . . . 91 . . . . . . . . . . . . . . . . Slashing . | . . . . . . . . . . . . . . . . . . . . . . Piercing . | . . . . . . . . . . . . . . . . . . . . . . Highest Corruption 27 | . . . . . . 2 7 7 . . 1 6 7 7 9 6 6 6 6 27 6 Average Corruption 5 | . . . . . . 1 5 7 . . 1 2 6 7 8 6 6 6 6 9 3 Corruption Purged . | . . . . . . . . . . . . . . . . . . . . . . Corruption Blocked . | . . . . . . . . . . . . . . . . . . . . . . Effects 200 | . . . . . . 3 52 16 . . 7 14 18 6 6 . 18 15 7 35 3 Message Errors 46 | . . . . . . 1 8 4 . . 1 6 6 . 1 . 5 3 3 7 1 Matter Fused 52 | . . . . . . 1 14 4 . . 3 2 5 1 3 . 6 3 1 8 1 Heat Flow Errors 25 | . . . . . . . 8 2 . . . 2 3 1 1 . 1 2 . 5 . Energy Discharges 20 | . . . . . . . 5 3 . . 2 2 1 1 1 . 3 1 1 . . Parts Rejected 1 | . . . . . . . . . . . . . . . . . . . . . 1 Parts Fused 2 | . . . . . . . . . . . . . . . . . . 1 . 1 . Data Loss (minor) 26 | . . . . . . . 9 2 . . . . . 1 . . 3 3 1 7 . Data Loss (major) 10 | . . . . . . 1 2 . . . 1 . 1 1 . . . . 1 3 . Misfires 5 | . . . . . . . 1 . . . . 1 1 1 . . . 1 . . . Alerts 3 | . . . . . . . 2 1 . . . . . . . . . . . . . Weapon Failures 10 | . . . . . . . 3 . . . . 1 1 . . . . 1 . 4 . Overload Shots 1 | . . . . . . . . . . . . . . . . . . . . . 1 Overflow Damage 310 | . . . . . . 20 19 . . 6 5 . . . . . . . . . 260 Projectiles 50 | . . . . . . 20 19 . . 6 5 . . . . . . . . . . Explosions 260 | . . . . . . . . . . . . . . . . . . . . . 260 Melee . | . . . . . . . . . . . . . . . . . . . . . . Knockbacks 55 | . . . . . 1 26 14 5 . 2 5 . . . . . . . . . 2 Impact 1 | . . . . . 1 . . . . . . . . . . . . . . . . Kinetic 49 | . . . . . . 22 13 5 . 2 5 . . . . . . . . . 2 Secondary 5 | . . . . . . 4 1 . . . . . . . . . . . . . . Self-Inflicted Damage 350 | . . . . . . . . . . . . . . . . . . . . . 350 Shots 4 | . . . . . . . . . . . . . . . . . . . . . 4 Rammed 3 | . . . . . . 1 . . . . 1 . . . . . . . . . 1 Targets Rammed 3 | . . . . . . 1 . . . . 1 . . . . . . . . . 1 Kicked . | . . . . . . . . . . . . . . . . . . . . . . Crushed . | . . . . . . . . . . . . . . . . . . . . . . Highest Temperature 488 | 70 219 25 80 322 416 420 339 475 . 55 360 345 488 153 97 . 115 266 . 282 300 Average Temperature 107 | 27 96 10 30 91 101 124 111 232 . 13 111 99 191 10 62 . 53 107 . 158 100 Received Heat Transfer 3984 | . 87 87 156 468 333 369 855 306 . 108 405 147 135 9 . 36 . 117 . . 366 Effects 37 | . . . . 2 4 8 6 5 . . . 4 7 . . . . . . 1 . Shutdowns 6 | . . . . . 1 2 . 1 . . . . 2 . . . . . . . . Energy Bleed 7 | . . . . . 1 1 1 1 . . . 2 . . . . . . . 1 . Interference 19 | . . . . 2 2 4 4 1 . . . 1 5 . . . . . . . . Matter Decay 1 | . . . . . . 1 . . . . . . . . . . . . . . . Short Circuit 3 | . . . . . . . 1 1 . . . 1 . . . . . . . . . Damage (minor) 1 | . . . . . . . . 1 . . . . . . . . . . . . . Siege Activations . | . . . . . . . . . . . . . . . . . . . . . . Martial Activations . | . . . . . . . . . . . . . . . . . . . . . . Shielding Activations . | . . . . . . . . . . . . . . . . . . . . . . Robots Disrupted . | . . . . . . . . . . . . . . . . . . . . . . Combat Hostiles . | . . . . . . . . . . . . . . . . . . . . . . Robots Corrupted . | . . . . . . . . . . . . . . . . . . . . . . Combat Hostiles . | . . . . . . . . . . . . . . . . . . . . . . Parts Fried 2 | . . . . . . . . . . . . 1 1 . . . . . . . . Impact Corruptions 1 | . . . . . . 1 . . . . . . . . . . . . . . . Robots Melted . | . . . . . . . . . . . . . . . . . . . . . . Combat Hostiles . | . . . . . . . . . . . . . . . . . . . . . . Parts Melted 5 | 1 1 . . . . . . . . . . . 1 . . . . . . . 2 Heat Transferred 1665 | 333 333 . . . . . . . . . . . . . . . . . . . 999 Parts Sabotaged . | . . . . . . . . . . . . . . . . . . . . . . Parts Stolen . | . . . . . . . . . . . . . . . . . . . . . . Parts Stripped . | . . . . . . . . . . . . . . . . . . . . . . Power Chain Reactions . | . . . . . . . . . . . . . . . . . . . . . . Alert | -11 -10 -10 -9 -8 -8 -8 -8 -8 -7 -7 -6 -6 -6 -6 -6 -5 -5 -5 -5 -4 -4 ------- Run | Yrd Mat Min Mat Mat Gar Mat Gar Mat Fac DSF Fac Ext Cet Arc Hub Fac Upp Upp Zhi Pro Fac Maximum Alert Level 5 | . . . . 1 4 3 5 3 1 2 1 2 1 . . . . . . . 1 Low Security (%) 33 | 100 100 100 100 63 3 . . . . . 18 85 42 100 100 100 . . . . 28 Level 1 19 | . . . . 36 6 . . . 100 87 81 9 57 . . . . . . . 71 Level 2 7 | . . . . . 17 31 5 . . 12 . 5 . . . . . . . . . Level 3 22 | . . . . . 28 68 40 100 . . . . . . . . . . . . . Level 4 13 | . . . . . 44 . 43 . . . . . . . . . . . . . . Level 5 1 | . . . . . . . 11 . . . . . . . . . . . . . . High Security . | . . . . . . . . . . . . . . . . . . . . . . Max Security . | . . . . . . . . . . . . . . . . . . . . . . Sterilizations 1 | . . . . . . . . . . 1 . . . . . . . . . . . Peak Influence 1781 | 5 20 70 101 312 1582 1028 1781 908 322 423 310 439 313 166 48 14 . . . . 281 Initial 867 | . . . 17 24 185 770 652 867 322 228 221 83 245 48 48 7 . . . . . Average 526 | . 1 11 24 161 953 774 1193 800 322 297 233 91 212 129 17 4 . . . . 186 Influence Increases 8412 | 15 25 120 344 568 1477 776 1299 141 5 245 516 1010 250 171 26 15 132 190 . 375 712 Destroy 0b10 Robot/C 4660 | . 20 100 160 400 660 360 640 80 . 200 380 540 160 80 20 . 100 160 . 320 280 Destroy 0b10 Robot/NC 215 | 15 . . 55 35 . 40 . 5 . . 15 25 10 10 . 5 . . . . . Destroy Leader 678 | . . 20 52 106 50 102 30 12 . 30 80 74 . . . 2 10 30 . 40 40 Allied During Kill 378 | . . . . . 5 . . . . . . 249 52 44 5 1 22 . . . . Successful Hack 158 | . 5 . 47 11 14 4 16 . 5 . . 49 . . . 7 . . . . . Disable Machine 345 | . . . . 15 15 45 15 30 . . 30 45 15 30 . . . . . . 105 Anti-Garrison Action 1050 | . . . . . 600 . 450 . . . . . . . . . . . . . . Destroy Structure 373 | . . . . 1 73 45 73 14 . . 11 13 13 7 1 . . . . . 122 Partial Spotted 15 | . . . . . . . . . . . . . . . . . . . . . 15 Lose Combat Pursuer 540 | . . . 30 . 60 180 75 . . 15 . 15 . . . . . . . 15 150 Influence Decreases 8150 | 15 25 74 331 342 180 1354 522 1212 388 149 768 742 568 153 149 31 132 190 . 375 450 Entered New Map 3386 | . . . 29 35 100 812 352 914 388 99 202 88 194 73 91 9 . . . . . Time Decay 3701 | 15 25 74 302 277 . 542 . 278 . . 486 399 254 80 58 14 132 160 . 325 280 Lost Part 745 | . . . . 30 60 . 170 20 . 50 80 77 . . . 8 . 30 . 50 170 Lost Ally 318 | . . . . . 20 . . . . . . 178 120 . . . . . . . . Squads Dispatched 29 | . . 1 . 4 . 3 . 2 . 2 5 4 . . 1 1 . . . . 6 Investigation 6 | . . 1 . . . . . 1 . . . 3 . . . . . . . . 1 Extermination 3 | . . . . . . . . . . . 2 . . . . . . . . . 1 Reinforcement 12 | . . . . 1 . 1 . 1 . 2 2 1 . . 1 1 . . . . 2 Assault 2 | . . . . . . 2 . . . . . . . . . . . . . . . Garrison 6 | . . . . 3 . . . . . . 1 . . . . . . . . . 2 Intercept . | . . . . . . . . . . . . . . . . . . . . . . Searches Triggered . | . . . . . . . . . . . . . . . . . . . . . . Construction Impeded 2 | . . . . . . 1 . . . . . 1 . . . . . . . . . Haulers Reinforced 3 | . . . . . . . . . . . 2 . . . . . . . . . 1 Active Scanning Responses . | . . . . . . . . . . . . . . . . . . . . . . Cargo Convoy Interrupts . | . . . . . . . . . . . . . . . . . . . . . . Stealth | -11 -10 -10 -9 -8 -8 -8 -8 -8 -7 -7 -6 -6 -6 -6 -6 -5 -5 -5 -5 -4 -4 --------- Run | Yrd Mat Min Mat Mat Gar Mat Gar Mat Fac DSF Fac Ext Cet Arc Hub Fac Upp Upp Zhi Pro Fac Distress Signals 9 | . . . 1 3 . . . . . . 2 . 2 . 1 . . . . . . Communications Jammed . | . . . . . . . . . . . . . . . . . . . . . . Distress Signals . | . . . . . . . . . . . . . . . . . . . . . . Times Spotted 337 | . 2 5 25 27 34 39 35 7 . 11 23 28 10 12 3 4 5 7 . 17 43 Peak Tracking Total 12 | . 2 3 3 4 5 5 6 3 . 5 5 6 5 1 2 4 5 3 . 5 12 Tactical Retreats 23 | . . . 1 . 2 9 4 . . 1 . 1 . . . . . . . 1 4 Traps | -11 -10 -10 -9 -8 -8 -8 -8 -8 -7 -7 -6 -6 -6 -6 -6 -5 -5 -5 -5 -4 -4 ------- Run | Yrd Mat Min Mat Mat Gar Mat Gar Mat Fac DSF Fac Ext Cet Arc Hub Fac Upp Upp Zhi Pro Fac Traps Triggered 11 | . . . . . 2 2 3 1 . 1 . 1 . . 1 . . . . . . Indirectly . | . . . . . . . . . . . . . . . . . . . . . . Trap Hack Attempts . | . . . . . . . . . . . . . . . . . . . . . . Triggered . | . . . . . . . . . . . . . . . . . . . . . . Disarmed . | . . . . . . . . . . . . . . . . . . . . . . Reprogrammed . | . . . . . . . . . . . . . . . . . . . . . . Reused . | . . . . . . . . . . . . . . . . . . . . . . Traps Extracted . | . . . . . . . . . . . . . . . . . . . . . . Installed . | . . . . . . . . . . . . . . . . . . . . . . Triggered . | . . . . . . . . . . . . . . . . . . . . . . Machines | -11 -10 -10 -9 -8 -8 -8 -8 -8 -7 -7 -6 -6 -6 -6 -6 -5 -5 -5 -5 -4 -4 ---------- Run | Yrd Mat Min Mat Mat Gar Mat Gar Mat Fac DSF Fac Ext Cet Arc Hub Fac Upp Upp Zhi Pro Fac Machines Disabled 38 | . . . . 1 8 3 7 2 . 1 2 4 1 2 . . . . . . 7 Max in Single Turn 4 | . . . . 1 2 1 2 1 . 1 1 1 1 1 . . . . . . 4 Garrison Access 2 | . . . . . . . . . . . 2 . . . . . . . . . . Garrison Relay 9 | . . . . . 5 . 4 . . . . . . . . . . . . . . Phase Generator 2 | . . . . . 1 . 1 . . . . . . . . . . . . . . Machines Repaired . | . . . . . . . . . . . . . . . . . . . . . . Machines Dismantled 3 | . . . . . . . . . . . . 2 1 . . . . . . . . Machines Sabotaged . | . . . . . . . . . . . . . . . . . . . . . . Overloaded Fab Kills . | . . . . . . . . . . . . . . . . . . . . . . Hacking | -11 -10 -10 -9 -8 -8 -8 -8 -8 -7 -7 -6 -6 -6 -6 -6 -5 -5 -5 -5 -4 -4 --------- Run | Yrd Mat Min Mat Mat Gar Mat Gar Mat Fac DSF Fac Ext Cet Arc Hub Fac Upp Upp Zhi Pro Fac Machines Accessed 45 | . 3 1 5 2 2 5 1 5 1 . 3 9 . . 1 1 . . 4 . 2 Terminals 34 | . 2 . 5 1 2 4 1 4 1 . 1 9 . . 1 1 . . . . 2 Fabricators . | . . . . . . . . . . . . . . . . . . . . . . Repair Stations . | . . . . . . . . . . . . . . . . . . . . . . Recycling Units 2 | . 1 . . . . . . 1 . . . . . . . . . . . . . Scanalyzers . | . . . . . . . . . . . . . . . . . . . . . . Garrison Access 4 | . . . . 1 . 1 . . . . 2 . . . . . . . . . . Total Hacks 108 | . 9 1 21 4 7 11 1 6 1 . 5 16 . . 4 2 . . 17 . 3 Successful 56 | . 2 1 15 3 2 3 1 . 1 . 3 7 . . . 1 . . 17 . . Failed 52 | . 7 . 6 1 5 8 . 6 . . 2 9 . . 4 1 . . . . 3 Catastrophic 14 | . 1 . 3 1 2 2 . 2 . . . 2 . . . . . . . . 1 Database Lockouts . | . . . . . . . . . . . . . . . . . . . . . . Manual 27 | . 1 . 9 3 . 4 . 4 . . . 2 1 . . 2 . . . . 1 Terminals 80 | . 6 . 21 3 7 10 1 5 1 . 1 16 . . 4 2 . . . . 3 Fabricators . | . . . . . . . . . . . . . . . . . . . . . . Repair Stations . | . . . . . . . . . . . . . . . . . . . . . . Recycling Units 4 | . 3 . . . . . . 1 . . . . . . . . . . . . . Scanalyzers . | . . . . . . . . . . . . . . . . . . . . . . Garrison Access 6 | . . . . 1 . 1 . . . . 4 . . . . . . . . . . Terminal Hacks 47 | . . 1 13 1 2 2 1 . 1 . 1 7 . . . 1 . . 17 . . Record 6 | . . . . . . . . . . . . 1 . . . . . . 5 . . Part Schematic 4 | . . . . . . . . . . . . . . . . . . . 4 . . Robot Analysis 4 | . . . . . . . . . . . . . . . . . . . 4 . . Prototype ID Bank 5 | . . . 1 . . . . . . . . . . . . . . . 4 . . Open Door 6 | . . 1 . . 1 . . . . . 1 3 . . . . . . . . . Open DSF 1 | . . . . . . . . . 1 . . . . . . . . . . . . Branch Access Points 3 | . . . 2 . . . . . . . . . . . . 1 . . . . . Alert Level 3 | . . . 3 . . . . . . . . . . . . . . . . . . Locate Traps 1 | . . . . . . . . . . . . 1 . . . . . . . . . Transport Status 1 | . . . 1 . . . . . . . . . . . . . . . . . . Investigation Status 1 | . . . 1 . . . . . . . . . . . . . . . . . . Recall Investigation 1 | . . . 1 . . . . . . . . . . . . . . . . . . Registered Components 2 | . . . 2 . . . . . . . . . . . . . . . . . . Zone Layout 7 | . . . 2 1 . 2 . . . . . 2 . . . . . . . . . Garrison Registry 1 | . . . . . 1 . . . . . . . . . . . . . . . . Security Stations 1 | . . . . . . . 1 . . . . . . . . . . . . . . Fabricator Hacks . | . . . . . . . . . . . . . . . . . . . . . . Repair Station Hacks . | . . . . . . . . . . . . . . . . . . . . . . Recycling Unit Hacks 1 | . 1 . . . . . . . . . . . . . . . . . . . . Report Inventory 1 | . 1 . . . . . . . . . . . . . . . . . . . . Scanalyzer . | . . . . . . . . . . . . . . . . . . . . . . Garrison Access Hacks 4 | . . . . 1 . 1 . . . . 2 . . . . . . . . . . Unlock Access 2 | . . . . 1 . 1 . . . . . . . . . . . . . . . Seal Access 2 | . . . . . . . . . . . 2 . . . . . . . . . . Unauthorized Hacks 4 | . 1 . 2 1 . . . . . . . . . . . . . . . . . Terminals 4 | . 1 . 2 1 . . . . . . . . . . . . . . . . . Botnet 4 | . 1 . 2 1 . . . . . . . . . . . . . . . . . Fabricators . | . . . . . . . . . . . . . . . . . . . . . . Repair Stations . | . . . . . . . . . . . . . . . . . . . . . . Recycling Units . | . . . . . . . . . . . . . . . . . . . . . . Scanalyzers . | . . . . . . . . . . . . . . . . . . . . . . Garrison Access . | . . . . . . . . . . . . . . . . . . . . . . Data Cores Recovered 2 | . . . 1 . . . . . . . 1 . . . . . . . . . . Used . | . . . . . . . . . . . . . . . . . . . . . . Hacking Detections 30 | . 3 . 3 1 2 3 1 5 1 . . 7 . . 1 1 . . . . 2 Full Trace Events 4 | . . . 1 . . . . . . . . 2 . . . . . . . . 1 Feedback Events . | . . . . . . . . . . . . . . . . . . . . . . Feedback Blocked . | . . . . . . . . . . . . . . . . . . . . . . Robot Schematics Acquired . | . . . . . . . . . . . . . . . . . . . . . . Robots Built . | . . . . . . . . . . . . . . . . . . . . . . Authchips . | . . . . . . . . . . . . . . . . . . . . . . Time . | . . . . . . . . . . . . . . . . . . . . . . Total Robot Build Rating . | . . . . . . . . . . . . . . . . . . . . . . Part Schematics Acquired 4 | . . . . . . . . . . . . . . . . . . . 4 . . Parts Built . | . . . . . . . . . . . . . . . . . . . . . . Authchips . | . . . . . . . . . . . . . . . . . . . . . . Time . | . . . . . . . . . . . . . . . . . . . . . . Total Part Build Rating . | . . . . . . . . . . . . . . . . . . . . . . Parts Repaired . | . . . . . . . . . . . . . . . . . . . . . . Time . | . . . . . . . . . . . . . . . . . . . . . . Parts Recycled . | . . . . . . . . . . . . . . . . . . . . . . Recycled Matter . | . . . . . . . . . . . . . . . . . . . . . . Retrieved Matter . | . . . . . . . . . . . . . . . . . . . . . . Retrieved Components . | . . . . . . . . . . . . . . . . . . . . . . Parts Scanalyzed . | . . . . . . . . . . . . . . . . . . . . . . Part Schematics Acquired . | . . . . . . . . . . . . . . . . . . . . . . Parts Damaged . | . . . . . . . . . . . . . . . . . . . . . . Bothacking | -11 -10 -10 -9 -8 -8 -8 -8 -8 -7 -7 -6 -6 -6 -6 -6 -5 -5 -5 -5 -4 -4 ------------ Run | Yrd Mat Min Mat Mat Gar Mat Gar Mat Fac DSF Fac Ext Cet Arc Hub Fac Upp Upp Zhi Pro Fac Used RIF Installer . | . . . . . . . . . . . . . . . . . . . . . . Robots Hacked . | . . . . . . . . . . . . . . . . . . . . . . Non-combat . | . . . . . . . . . . . . . . . . . . . . . . Combat . | . . . . . . . . . . . . . . . . . . . . . . Robot Hacks Applied . | . . . . . . . . . . . . . . . . . . . . . . Relay Couplers Released 38 | . . . . . 20 . 15 . . . 3 . . . . . . . . . . Machine Destruction 35 | . . . . . 20 . 15 . . . . . . . . . . . . . . Programmers 3 | . . . . . . . . . . . 3 . . . . . . . . . . Fabnet Peak Effective % . | . . . . . . . . . . . . . . . . . . . . . . Robots Rewired 10 | . . . . . . . . . . . . 10 . . . . . . . . . Allies Hacked . | . . . . . . . . . . . . . . . . . . . . . . Hacks Repelled . | . . . . . . . . . . . . . . . . . . . . . . Allies | -11 -10 -10 -9 -8 -8 -8 -8 -8 -7 -7 -6 -6 -6 -6 -6 -5 -5 -5 -5 -4 -4 -------- Run | Yrd Mat Min Mat Mat Gar Mat Gar Mat Fac DSF Fac Ext Cet Arc Hub Fac Upp Upp Zhi Pro Fac Total Allies 22 | . . . . . 1 . . . . . . 16 5 . . . . . . . . Largest Group 9 | . . . . . 1 . . . . . . 9 7 2 2 1 1 . . . . Highest-Rated Group 654 | . . . . . 25 . . . . . . 375 654 178 178 89 89 . . . . Highest-Rated Ally 159 | . . . . . 25 . . . . . . 159 159 89 89 89 89 . . . . Initial Warlord ECA Mod 364 | . . . . . . 10 10 19 18 18 27 27 27 27 27 26 26 26 26 25 25 Warlord Squad Rendezvous 1 | . . . . . . . . . . . . . . . . . . . . . 1 Ranger 1 | . . . . . . . . . . . . . . . . . . . . . 1 Total Orders . | . . . . . . . . . . . . . . . . . . . . . . Ally Attacks 235 | . . . . . 2 . . . . . . 146 67 10 7 1 2 . . . . Total Damage 5794 | . . . . . 86 . . . . . . 3244 1788 334 233 37 72 . . . . Kills 33 | . . . . . 2 . . . . . . 19 4 4 1 1 2 . . . . Allies Corrupted . | . . . . . . . . . . . . . . . . . . . . . . Allies Melted . | . . . . . . . . . . . . . . . . . . . . . . Intel | -11 -10 -10 -9 -8 -8 -8 -8 -8 -7 -7 -6 -6 -6 -6 -6 -5 -5 -5 -5 -4 -4 ------- Run | Yrd Mat Min Mat Mat Gar Mat Gar Mat Fac DSF Fac Ext Cet Arc Hub Fac Upp Upp Zhi Pro Fac Active Infowar (turns) 4926 | 4 150 446 135 . . . . . . . 1258 1037 . . 114 63 651 610 267 191 . Sensors 4191 | . . . . . . . . . . . 1258 1037 . . 114 63 651 610 267 191 . Terrain 135 | . . . 135 . . . . . . . . . . . . . . . . . . Seismic 600 | 4 150 446 . . . . . . . . . . . . . . . . . . . Robot Analysis Total 4 | . . . . . . . . . . . . . . . . . . . 4 . . Derelict Logs Recovered 1 | . . . . . . . . . . . . . . . . . . 1 . . . Drone Launches . | . . . . . . . . . . . . . . . . . . . . . . Drone Recoveries . | . . . . . . . . . . . . . . . . . . . . . . Exploration | -11 -10 -10 -9 -8 -8 -8 -8 -8 -7 -7 -6 -6 -6 -6 -6 -5 -5 -5 -5 -4 -4 ------------- Run | Yrd Mat Min Mat Mat Gar Mat Gar Mat Fac DSF Fac Ext Cet Arc Hub Fac Upp Upp Zhi Pro Fac Turns Passed 15955 | 227 150 519 1043 669 2177 1545 2023 609 13 311 1263 1203 554 176 180 63 651 610 267 921 781 Spaces Moved 6591 | 117 70 294 550 244 784 521 659 214 5 107 597 466 195 70 102 37 381 294 152 334 398 Core 158 | 13 . . . . . . . . . . . . . . . . . . . . 145 Treads 6360 | 104 70 294 550 244 784 521 659 214 5 66 597 466 195 70 102 37 381 294 152 334 221 Legs 41 | . . . . . . . . . . 41 . . . . . . . . . . . Wheels 13 | . . . . . . . . . . . . . . . . . . . . . 13 Hover 19 | . . . . . . . . . . . . . . . . . . . . . 19 Flight . | . . . . . . . . . . . . . . . . . . . . . . Fastest Speed 50 | 50 160 160 160 160 240 240 240 240 320 130 160 160 160 160 160 160 160 160 160 240 50 Average Speed 198 | 147 160 160 160 180 240 242 259 251 320 181 162 201 160 160 160 160 160 186 163 240 160 Slowest Speed 325 | 160 160 160 160 240 320 243 325 320 320 320 240 320 160 160 160 160 160 240 240 240 270 Overloaded Moves . | . . . . . . . . . . . . . . . . . . . . . . Propulsion Burnouts . | . . . . . . . . . . . . . . . . . . . . . . Robots Hopped . | . . . . . . . . . . . . . . . . . . . . . . Potential Cave-ins . | . . . . . . . . . . . . . . . . . . . . . . Cave-ins Triggered . | . . . . . . . . . . . . . . . . . . . . . . Teleports 1 | . . . . . . . . . . . . . . . . . . . . . 1 Exploration Rate (%) 46 | 6 21 62 47 28 89 57 72 23 . 78 18 74 66 70 11 2 50 56 60 62 20 Regions Visited 21 Branch Regions 9 Pre-discovered Areas 4 | . . . . . . . . . . . . . . . . . 1 . 3 . . Known Exits Taken 13 | . . . . 1 . 1 . . 1 . 1 1 1 1 1 1 1 1 1 1 . Unknown Exits Taken 5 | 1 1 1 1 . . . . 1 . . . . . . . . . . . . . Scrap Searched 7 | . . 1 . . . . . . . . . . . . . . 1 3 . 2 . Spaces Dug 2 | . . . . . 1 . . . . . . . . . . . . . . . 1 Terrain Destroyed 325 | . . . . . 71 45 84 12 . . 8 3 7 6 . . 1 20 . 7 61 Melee 1 | . . . . . 1 . . . . . . . . . . . . . . . . Projectile 132 | . . . . . . 45 2 12 . . 8 3 7 6 . . 1 20 . 7 21 AOE 192 | . . . . . 70 . 82 . . . . . . . . . . . . . 40 Terrain Rammed . | . . . . . . . . . . . . . . . . . . . . . . Walls Destroyed . | . . . . . . . . . . . . . . . . . . . . . . Machines Disabled . | . . . . . . . . . . . . . . . . . . . . . . Actions | -11 -10 -10 -9 -8 -8 -8 -8 -8 -7 -7 -6 -6 -6 -6 -6 -5 -5 -5 -5 -4 -4 --------- Run | Yrd Mat Min Mat Mat Gar Mat Gar Mat Fac DSF Fac Ext Cet Arc Hub Fac Upp Upp Zhi Pro Fac Total 8210 | 148 83 316 657 346 935 692 791 245 4 176 783 622 385 94 118 42 414 322 173 390 474 Wait 384 | . . . 20 6 27 56 1 8 . 1 75 21 110 . 11 . 26 5 . 16 1 Move 6570 | 116 69 293 549 244 781 521 658 213 4 106 596 465 194 69 101 36 380 293 151 333 398 Hop . | . . . . . . . . . . . . . . . . . . . . . . Pick Up 192 | 12 . 5 25 16 16 20 13 3 . 12 26 11 16 3 . . 2 2 3 . 7 Fast Attach 17 | . . . . . . . . . . 6 . 1 1 . 2 . . . 6 . 1 Attach 113 | 7 . . 5 5 7 3 18 . . 10 12 8 3 . . 4 1 1 2 8 19 Detach 8 | . . . . . . . . . . . . . . . . 1 . 3 2 . 2 Swap 83 | . . 1 10 5 6 11 3 2 . 2 9 5 17 1 2 . . 2 1 5 1 Drop 122 | . . 2 14 8 7 20 1 . . 13 7 5 19 2 2 1 1 1 8 . 11 Fire 619 | 13 14 15 34 62 78 60 87 19 . 26 57 38 17 19 . . 4 15 . 28 33 Melee 13 | . . . . . 9 . 4 . . . . . . . . . . . . . . Ram 1 | . . . . . . . . . . . . . . . . . . . . . 1 Kick . | . . . . . . . . . . . . . . . . . . . . . . Crush 2 | . . . . . . 1 . . . . 1 . . . . . . . . . . Escape Stasis 12 | . . . . . 4 . 6 . . . . 2 . . . . . . . . . Rewire 50 | . . . . . . . . . . . . 50 . . . . . . . . . Trap . | . . . . . . . . . . . . . . . . . . . . . . Miscellaneous 24 | . . . . . . . . . . . . 16 8 . . . . . . . . Route ------- -11/Scrapyard -10/Materials -10/Mines -9/Materials (discovered 3 exits: *Mat x2 / Min) -8/Materials (discovered 2 exits: [*Sto] / Gar) -8/Garrison (discovered 3 exits: *Mat x3) -8/Materials (discovered 2 exits: [*Sto] / Gar) -8/Garrison (discovered 3 exits: *Mat x3) -8/Materials -7/Factory -7/DSF -6/Factory (discovered 2 exits: *Fac / *Ext) -6/Extension (discovered 2 exits: *Fac / *Cet) -6/Cetus (discovered 2 exits: *Fac / *Arc) -6/Archives (discovered 2 exits: *Fac / *Hub) -6/Hub_04(d) -5/Factory (discovered 2 exits: *Upp x2) -5/Upper Caves -5/Upper Caves (discovered 2 exits: *Fac / *Zhi) -5/Zhirov -4/Proximity Caves -4/Factory History --------- Turn | Location | Event 3 | -11/Scrapyard | Discovered new exit (range 15) 228 | -11/Scrapyard | Entered Materials 302 | -10/Materials | Build established: Mutant 310 | -10/Materials | Discovered new exit (range 16) 378 | -10/Materials | Entered Mines 681 | -10/Mines | Met a Derelict shopkeep closing up shop 842 | -10/Mines | Discovered new exit (range 15) 897 | -10/Mines | Entered Materials 897 | -9/Materials | Evolved 2 slots: Utility x1, Weapon x1 1063 | -9/Materials | Identified exit to Mines 1379 | -9/Materials | Build established: Tank 1380 | -9/Materials | Discovered new exit (range 3) 1839 | -9/Materials | Discovered new exit (range 8) 1940 | -9/Materials | Entered another Materials area 1940 | -8/Materials | Evolved 2 slots: Propulsion x1, Weapon x1 2019 | -8/Materials | Build established: Scavenger-Tank 2186 | -8/Materials | Discovered new exit (range 7) 2353 | -8/Materials | Garrison activated, responded to threat 2607 | -8/Materials | Lost 3 parts (2n1w) 2609 | -8/Materials | Identified exit to Garrison 2609 | -8/Materials | Entered Garrison 2737 | -8/Garrison | Triggered checkpoint 2772 | -8/Garrison | Garrison Relay disabled 2827 | -8/Garrison | Rescued a captive Derelict 3010 | -8/Garrison | Triggered checkpoint 3139 | -8/Garrison | Triggered checkpoint 3185 | -8/Garrison | Garrison Relay disabled 3234 | -8/Garrison | Discovered new exit (range 58) 3234 | -8/Garrison | Discovered new exit (range 58) 3234 | -8/Garrison | Discovered new exit (range 27) 3545 | -8/Garrison | Phase Generator disabled 3625 | -8/Garrison | Triggered checkpoint 3663 | -8/Garrison | Triggered checkpoint 3785 | -8/Garrison | Triggered checkpoint 3842 | -8/Garrison | Garrison Relay disabled 4160 | -8/Garrison | Garrison Relay disabled 4333 | -8/Garrison | Triggered checkpoint 4373 | -8/Garrison | Garrison Relay disabled 4467 | -8/Garrison | Attempted to access garrison exit controls, blocked by remote lockdown 4621 | -8/Garrison | Attempted to access garrison exit controls, blocked by remote lockdown 4786 | -8/Garrison | Entered Materials 5186 | -8/Materials | First assault squad dispatched 5434 | -8/Materials | Build established: Tank 5777 | -8/Materials | Discovered new exit (range 14) 6331 | -8/Materials | Identified exit to Garrison 6331 | -8/Materials | Entered Garrison 6407 | -8/Garrison | Triggered checkpoint 6408 | -8/Garrison | Core integrity fell below 50% 6442 | -8/Garrison | Garrison Relay disabled 6539 | -8/Garrison | Triggered checkpoint 6715 | -8/Garrison | Triggered checkpoint 6741 | -8/Garrison | Garrison Relay disabled 6770 | -8/Garrison | Discovered new exit (range 8) 6985 | -8/Garrison | Triggered checkpoint 6989 | -8/Garrison | Triggered checkpoint 6994 | -8/Garrison | Triggered checkpoint 7033 | -8/Garrison | Destroyed 7 combat bots 7065 | -8/Garrison | Lost 5 parts (1p1n1u2w) 7104 | -8/Garrison | Build established: Scavenger-Tank 7219 | -8/Garrison | Triggered checkpoint 7300 | -8/Garrison | Lost 4 parts (2n2w) 7320 | -8/Garrison | Garrison Relay disabled 7393 | -8/Garrison | Discovered new exit (range 15) 7658 | -8/Garrison | Phase Generator disabled 7938 | -8/Garrison | Discovered new exit (range 15) 7955 | -8/Garrison | Learned Materials security intel 7981 | -8/Garrison | Core integrity fell below 20% 8061 | -8/Garrison | Destroyed 7 combat bots 8065 | -8/Garrison | Lost 5 parts (2n1u2w) 8144 | -8/Garrison | Garrison Relay disabled 8312 | -8/Garrison | Build established: Scavenger-Gunner 8354 | -8/Garrison | Entered Materials 8677 | -8/Materials | Build established: Scavenger-Tank 8798 | -8/Materials | Discovered new exit (range 10) 8963 | -8/Materials | Entered Factory 8963 | -7/Factory | Evolved 2 slots: Propulsion x1, Utility x1 8976 | -7/Factory | Identified exit to DSF 8976 | -7/Factory | Entered DSF 9014 | -7/DSF | Additional patrols routed to DSF 9101 | -7/DSF | Lost 4 parts (3u1w) 9221 | -7/DSF | Discovered new exit (range 15) 9238 | -7/DSF | Sterilization system engaged 9258 | -7/DSF | Ambient heat levels rising (+10) 9273 | -7/DSF | Ambient heat levels rising (+10) 9287 | -7/DSF | Entered Factory 9287 | -6/Factory | Evolved 2 slots: Propulsion x1, Utility x1 9451 | -6/Factory | Destroyed 7 combat bots 9779 | -6/Factory | Build established: Skirmisher 10442 | -6/Factory | Discovered new exit (range 9) 10457 | -6/Factory | Identified exit to Factory 10543 | -6/Factory | Discovered new exit (range 6) 10548 | -6/Factory | Identified exit to Extension 10550 | -6/Factory | Entered Extension 10616 | -6/Extension | Rescued a captive Derelict 10902 | -6/Extension | Rescued a captive Derelict 11087 | -6/Extension | Lost 3 allies 11104 | -6/Extension | Rescued A7 11264 | -6/Extension | Spotted B-75 Beast 11276 | -6/Extension | Spotted B-75 Beast 11288 | -6/Extension | Allies destroyed B-75 Beast 11340 | -6/Extension | Lost 6 parts (2n2u2w) 11340 | -6/Extension | Lost 3 allies 11437 | -6/Extension | Rescued a captive Derelict 11439 | -6/Extension | Rescued a captive Derelict 11505 | -6/Extension | Rescued a captive Derelict 11625 | -6/Extension | Disrupted transfer network 11665 | -6/Extension | Build established: Scavenger-Tank 11729 | -6/Extension | Discovered exit to Factory (range 10) 11730 | -6/Extension | Discovered new exit (range 6) 11731 | -6/Extension | Lost 4 allies 11744 | -6/Extension | Identified exit to Cetus 11753 | -6/Extension | Entered Cetus 11753 | -6/Cetus | Accompanied by 4 allies (A7) 11758 | -6/Cetus | Acquired a Cetus Manufacturing Module code from A7 11773 | -6/Cetus | Spotted Cetus Guard 11773 | -6/Cetus | Spotted Cetus Guard 11777 | -6/Cetus | Destroyed Cetus Guard 11778 | -6/Cetus | Spotted Cetus Guard 11781 | -6/Cetus | Spotted Cetus Guard 11796 | -6/Cetus | Allies destroyed Cetus Guard 11801 | -6/Cetus | Destroyed Cetus Guard 11811 | -6/Cetus | Allies destroyed Cetus Guard 11917 | -6/Cetus | Started Cetus Manufacturing Module 11942 | -6/Cetus | Manufactured an Enhanced Grunt 11954 | -6/Cetus | Escorted A7 to Cetus Mainframe 11967 | -6/Cetus | Manufactured an Enhanced Grunt 11982 | -6/Cetus | Discovered new exit (range 15) 11992 | -6/Cetus | Manufactured an Enhanced Grunt 12017 | -6/Cetus | Manufactured an Enhanced Grunt 12042 | -6/Cetus | Manufactured an Enhanced Grunt 12090 | -6/Cetus | Spotted Cetus Guard 12090 | -6/Cetus | Spotted Cetus Guard 12095 | -6/Cetus | Spotted Cetus Guard 12096 | -6/Cetus | Spotted Cetus Guard 12100 | -6/Cetus | Extracted ID and sensor layout for unrecognized location from A7's data core 12132 | -6/Cetus | Destroyed Cetus Guard 12132 | -6/Cetus | Destroyed Cetus Guard 12132 | -6/Cetus | Destroyed Cetus Guard 12133 | -6/Cetus | Allies destroyed Cetus Guard 12152 | -6/Cetus | Lost 5 allies 12158 | -6/Cetus | Discovered exit to Factory (range 16) 12172 | -6/Cetus | Met Revision 17 12253 | -6/Cetus | Found Prototype Device 12254 | -6/Cetus | Identified Exp. Thermal Shield 12305 | -6/Cetus | Identified exit to Archives 12307 | -6/Cetus | Entered Archives 12307 | -6/Archives | Accompanied by 2 allies 12375 | -6/Archives | Discovered new exit (range 15) 12419 | -6/Archives | Discovered exit to Factory (range 16) 12480 | -6/Archives | Identified exit to Hub_04(d) 12483 | -6/Archives | Entered Hub_04(d) 12483 | -6/Hub_04(d) | Accompanied by 2 allies 12504 | -6/Hub_04(d) | Discovered exit to Factory (range 16) 12663 | -6/Hub_04(d) | Entered Factory 12663 | -5/Factory | Accompanied by 1 ally 12663 | -5/Factory | Evolved 2 slots: Utility x2 12680 | -5/Factory | Identified exit to Upper Caves 12726 | -5/Factory | Entered Upper Caves 12726 | -5/Upper Caves | Accompanied by 1 ally 12751 | -5/Upper Caves | Met a Warlord Commander 12752 | -5/Upper Caves | Learned location of Warlord (-4) 12753 | -5/Upper Caves | Warlord Commander delivered Encrypted Comm Array 12762 | -5/Upper Caves | Found Encrypted Comm Array 12955 | -5/Upper Caves | Encountered a Warlord checkpoint 13361 | -5/Upper Caves | Discovered new exit (range 11) 13376 | -5/Upper Caves | Identified exit to Upper Caves 13377 | -5/Upper Caves | Entered another Upper Caves area 13456 | -5/Upper Caves | Discovered new exit (range 5) 13719 | -5/Upper Caves | Learned Factory trap positions 13831 | -5/Upper Caves | Discovered new exit (range 8) 13846 | -5/Upper Caves | Identified exit to Zhirov 13987 | -5/Upper Caves | Entered Zhirov 13987 | -5/Zhirov | Discovered new exit (range 3) 14016 | -5/Zhirov | Met Zhirov 14047 | -5/Zhirov | Learned location of Quarantine (-3) 14047 | -5/Zhirov | Learned location of Testing (-2) 14047 | -5/Zhirov | Learned location of Command (-1) 14061 | -5/Zhirov | Zhirov requested help retrieving the SGEMP Prototype 14094 | -5/Zhirov | Found Alien Artifact 14094 | -5/Zhirov | Identified Integrated Dissipator 14094 | -5/Zhirov | Installed Integrated Dissipator, increased core heat dissipation (+20) 14116 | -5/Zhirov | Found Alien Artifact 14253 | -5/Zhirov | Identified exit to Proximity Caves 14254 | -5/Zhirov | Entered Proximity Caves 14455 | -4/Proximity Caves | System corruption reached 10% 14480 | -4/Proximity Caves | Lost 3 parts (1p1u1w) 14525 | -4/Proximity Caves | Destroyed 10 combat bots 15123 | -4/Proximity Caves | Discovered new exit (range 11) 15149 | -4/Proximity Caves | Identified exit to Factory 15175 | -4/Proximity Caves | Entered Factory 15175 | -4/Factory | Evolved 2 slots: Power x1, Propulsion x1 15176 | -4/Factory | Loaded intel: 90 trap records 15365 | -4/Factory | Lost 3 parts (1u2w) 15509 | -4/Factory | Joined by Warlord Ranger squad 15704 | -4/Factory | Found Prototype Hackware 15843 | -4/Factory | Garrison activated, responded to threat 15846 | -4/Factory | Identified Exp. Hacking Suite 15850 | -4/Factory | Identified Transdimensional Reconstructor 15850 | -4/Factory | Warped through subspace 15879 | -4/Factory | Lost 10 parts (1p1n5u3w) 15882 | -4/Factory | Core integrity fell below 50% 15917 | -4/Factory | Core integrity fell below 20% 15923 | -4/Factory | Found Heavy Servo Lattice 15926 | -4/Factory | Lost 3 parts (1n2u) 15956 | -4/Factory | Destroyed by S-27 Virus with Autogun Last Messages --------------- 15869_ K-01 Serf collects debris. 15878_ Dropped Adv. Variable Charge Gun. 15879_ Dropped Exp. Power Shielding. 15884_ Gyrokinetic Inverter destroyed. 15886_ Exp. Hacking Suite destroyed. 15891_ System corrupted: Matter fused (-6). 15895_ Adv. Signal Interpreter destroyed. 15915_ ALERT: Suspicious intruders detected, dispatching Cutter reinforcements to area. 15916_ Knocked back. 15917_ Acquired 9 matter. 15923_ Acquired Heavy Servo Lattice. 15924_ Dropped Heavy Servo Lattice. 15928_ U-05 Engineer works on Subcomponent Replicator. 15929_ KG7QKNNVKVNLEJ